 Dungeon Crawl Stone Soup version 0.23.0 (webtiles) character file.

Game seed: 6237249892667146126

471 Mgcat the Chopper (level 7, -3/56 HPs)
             Began as a Barachi Fighter on Feb 13, 2019.
             Slain by an ogre
             ... wielding a +0 giant club
              (11 damage)
             ... on level 4 of the Dungeon.
             The game lasted 00:07:29 (3337 turns).

Mgcat the Chopper (Barachi Fighter)                 Turns: 3337, Time: 00:07:29

Health: -3/56      AC:  8    Str: 19    XL:     7   Next: 9%
Magic:  7/7        EV:  8    Int:  9    God:
Gold:   9          SH:  9    Dex: 11    Spells: 6/6 levels left

rFire    . . .     SeeInvis .   a - +0 war axe
rCold    . . .     Gourm    .   c - +0 shield
rNeg     . . .     Faith    .   b - +0 scale mail
rPois    .         Spirit   .   p - +0 helmet
rElec    .         Reflect  .   (no cloak)
rCorr    .         Harm     .   (no gloves)
MR       .....                  (no boots)
Stlth    ..........             (no amulet)
HPRegen  0.18/turn              o - +1 ring of evasion
MPRegen  0.10/turn              (no ring)

@: slow
A: +LOS, swims, slowness 1, strong legs 1
a: Hop


You were on level 4 of the Dungeon.
You were hungry.

You visited 1 branch of the dungeon, and saw 4 of its levels.

You collected 189 gold pieces.
You spent 180 gold pieces at shops.

Inventory:

Hand Weapons
 a - a +0 war axe (weapon)
Armour
 b - a +0 scale mail (worn)
 c - a +0 shield (worn)
 p - a +0 helmet (worn)
   (You found it on level 2 of the Dungeon)
Jewellery
 o - a +1 ring of evasion (left hand)
   (You found it on level 3 of the Dungeon)
Wands
 i - a wand of random effects (9)
   (You took it off Ijyb on level 4 of the Dungeon)
Scrolls
 e - 3 scrolls of identify {unknown}
 h - a scroll of magic mapping {unknown}
 k - 4 scrolls of blinking {unknown}
Potions
 d - 4 potions of might
 g - 3 potions of curing
 j - a potion of flight {unknown}
 l - 2 potions of resistance
 m - 2 potions of lignification {unknown}
 n - a potion of berserk rage {unknown}
 q - a potion of cancellation {unknown}
 r - a potion of agility {unknown}
 s - a potion of degeneration {unknown}
Comestibles
 f - 7 rations


   Skills:
 - Level 5.0 Fighting
 + Level 7.5 Axes
 - Level 3.6 Armour
 - Level 3.2 Shields


You had 6 spell levels left.
You didn't know any spells.
Your spell library was empty.

Dungeon Overview and Level Annotations

Branches:
Dungeon (4/15)
 Temple: D:4-7

Altars:

Shops:
D:4 !


Innate Abilities, Weirdness & Mutations

Shadows flee at your approach. (+LOS)
You can swim through water.
You cover ground slowly.
You can hop short distances.


Message History

You barely miss the goblin. Robin hits you but does no damage.
You block the goblin's attack.
The hobgoblin hits you but does no damage.
You closely miss the hobgoblin.
The hobgoblin is lightly wounded.
You closely miss the goblin.
Robin roars a battlecry!
The hobgoblin goes into a battle-frenzy!
You block the goblin's attack. You block the hobgoblin's attack.
Robin completely misses you.
You barely miss the hobgoblin.
The hobgoblin is lightly wounded.
You slash the goblin!
You kill the goblin!
The hobgoblin hits you but does no damage.
Robin hits you but does no damage.
You slash the hobgoblin!
You kill the hobgoblin!
You block Robin's attack.
You slash the hobgoblin!
You kill the hobgoblin!
Robin closely misses you.
You slash the hobgoblin!
You kill the hobgoblin!
You block Robin's attack.
You closely miss the hobgoblin. Robin hits you but does no damage.
The hobgoblin closely misses you.
You hit the hobgoblin.
The hobgoblin is heavily wounded.
You block Robin's attack. You block the hobgoblin's attack.
You closely miss the hobgoblin.
The hobgoblin is heavily wounded.
You block Robin's attack.
The hobgoblin hits you but does no damage.
You barely miss the hobgoblin.
The hobgoblin is heavily wounded.
You block Robin's attack. The hobgoblin barely misses you.
You hit the hobgoblin.
You kill the hobgoblin!
You block Robin's attack.
Robin hits you from afar with a +0 trident.
You take 2 damage, and have 50/56 hp.
You block Robin's attack.
Items here: ))))))) ††††† You hit Robin but do no damage.
Robin hits you with a +0 trident!
You take 8 damage, and have 42/56 hp.
You are too injured to fight recklessly!
You are too injured to fight recklessly!
You are too injured to fight recklessly!
You are too injured to fight recklessly!
You slice Robin!!
You kill Robin!
An ogre comes into view. It is wielding a +0 giant club.
Items here: ! ) [[ † a +0 trident; a +0 animal skin; a cursed +0 helmet; a potion of curing the hobgoblin corpse of Robin Unknown command.
Items here: ))))))) ††††† You see here a +0 club.
There is a stone staircase leading up, spattered with blood here.
You climb upwards.
There is a stone staircase leading down, spattered with blood here.
You start resting.
HP restored.
You regained 2 hp, and now have 47/56 hp.
You start resting.
HP restored.
Health restored: 56 You climb downwards.
The ogre shouts!
There is a stone staircase leading up, spattered with blood here.
Spoiler Alert: The ogre can hit for high damage in melee!
Evoke which item? (* to show all) (? for menu, Esc to quit)
Aiming: Random Effects
Press: ? - help, Shift-Dir - straight line, f - ogre
Aim: an ogre, wielding a +0 giant club The ogre seems to speed up.
Your shield and scale mail prevent you from hitting the ogre.
The ogre barely misses you.
Spoiler Alert: The ogre can hit for high damage in melee!
You slash the ogre!
The ogre is moderately wounded.
The ogre hits you with a +0 giant club!
The ogre hits you with a +0 giant club!!
You take 32 damage, and have 24/56 hp.
MASSIVE DAMAGE!!
You hit the ogre.
The ogre is heavily wounded.
The ogre hits you with a +0 giant club!
* * * LOW HITPOINT WARNING * * *
You take 11 damage, and have 13/56 hp.
Spoiler Alert: The ogre can hit for high damage in melee!
You slash the ogre!
The ogre is severely wounded.
You block the ogre's attack.
You closely miss the ogre.
The ogre is severely wounded.
The ogre hits you with a +0 giant club.
* * * LOW HITPOINT WARNING * * *
The ogre hits you with a +0 giant club!
You die...

#..∩......##..#
#...[.#.......#
.#######)#..###..##
.....###.#..# ...#
#...()#..##....#
#####.#...#..# #
#.......#
#.O.#...##
##@......#
#[......##
#).........
#.......###
........#
#.....#### ##...>#
.....# .....#


You could see an ogre.

Vanquished Creatures
  2 howler monkeys (D:3)
  A crimson imp (D:3)
  A hound (D:3)
  A gnoll shaman (D:3)
  A centaur skeleton (D:4)
  Ijyb (D:4)
  Robin (D:4)
  7 gnolls
  5 adders
  2 oozes (D:1)
  An adder skeleton (D:4)
  5 worms
  2 dart slugs
  4 leopard geckos
  An orc (D:3)
  3 ball pythons
  8 bats
  2 giant cockroaches
  16 goblins
  12 hobgoblins
  2 jackals (D:3)
  7 kobolds
  3 quokkas
  6 frilled lizards
  12 rats
106 creatures vanquished.

Notes
Turn   | Place    | Note
-------+----------+-------------------------------------------
     0 | D:1      | Mgcat the Barachi Fighter began the quest for the Orb.
     0 | D:1      | Reached XP level 1. HP: 18/18 MP: 1/1
   202 | D:1      | Reached XP level 2. HP: 25/25 MP: 2/2
   203 | D:1      | Reached skill level 4 in Fighting
   312 | D:1      | Reached skill level 3 in Axes
   316 | D:1      | Reached XP level 3. HP: 22/31 MP: 3/3
  1060 | D:2      | Reached XP level 4. HP: 38/38 MP: 4/4
  1241 | D:2      | Reached skill level 5 in Fighting
  1255 | D:2      | Reached skill level 4 in Axes
  1764 | D:3      | Reached XP level 5. HP: 32/44 MP: 5/5
  1936 | D:3      | Reached skill level 5 in Axes
  2629 | D:4      | Noticed Robin
  2650 | D:3      | Reached XP level 6. HP: 45/51 MP: 6/6
  2654 | D:3      | Reached skill level 6 in Axes
  3029 | D:4      | Reached skill level 7 in Axes
  3133 | D:4      | Noticed Ijyb
  3190 | D:4      | Killed Ijyb
  3190 | D:4      | Reached XP level 7. HP: 55/56 MP: 7/7
  3205 | D:4      | Found Lahuulah's Distillery.
  3216 | D:4      | Bought a potion of resistance for 100 gold pieces
  3216 | D:4      | Bought a potion of might for 40 gold pieces
  3216 | D:4      | Bought a potion of might for 40 gold pieces
  3258 | D:4      | Killed Robin
  3335 | D:4      | HP: 13/56 [ogre/+0 giant club (11)]
  3337 | D:4      | Slain by an ogre

Skill      XL: |  1  2  3  4  5  6 |
---------------+-------------------+-----
Fighting       | 4 5 |  5.0
Axes           | 3 4 5 7 |  7.5
Armour         | |  3.6
Shields        | |  3.2

Action                   |  1- 3 |  4- 6 |  7- 9 || total
-------------------------+-------+-------+-------++-------
Melee: War axe           |   101 |   247 |    31 ||   379
Evoke: Wand              |       |       |     1 ||     1
  Eat: Chunk             |     1 |     7 |     1 ||     9
Armor: Scale mail        |    36 |   121 |    13 ||   170
Dodge: Dodged            |    26 |    98 |    13 ||   137
Block: Shield            |    56 |   125 |    25 ||   206

Levels and vault maps discovered:
D:1:      onia_arrival_pentagram, layout_basic, minmay_pentomino_w4
D:2:      layout_loops_ring, st_stairs_12, chequers_serial_rivers_room_a
D:3:      layout_loops_ring, first_ration
D:4:      layout_rooms, marbit_many_paths, serial_shops, shop,
          bh_walls_and_bars, uniq_eustachio, uniq_ijyb, uniq_robin

Table legend:
 A = Turns spent in this place as a percentage of turns spent in the entire game.
 B = Non-inter-level travel turns spent in this place as a percentage of non-inter-level travel turns spent in the entire game.
 C = Inter-level travel turns spent in this place as a percentage of turns spent in this place.
 D = Turns resting spent in this place as a percentage of non-inter-level travel turns spent in this place.
 E = Turns spent auto-exploring this place as a percentage of non-inter-level travel turns spent in this place.
 F = Non-inter-level travel turns spent in this place divided by the number of levels of this place that you've seen.
                   A       B       C       D       E      F
               +-------+-------+-------+-------+-------+----------------------
         Total | 100.0 | 100.0 |   1.3 |  17.4 |  60.4 | 823.0
       Dungeon | 100.0 | 100.0 |   1.3 |  17.4 |  60.4 | 823.0
               +-------+-------+-------+-------+-------+----------------------

Table legend:
 A = Kills in this place as a percentage of kills in entire the game.
 B = Kills by you in this place as a percentage of kills by you in the entire game.
 C = Kills by friends in this place as a percentage of kills by friends in the entire game.
 D = Other kills in this place as a percentage of other kills in the entire game.
 E = Experience gained in this place as a percentage of experience gained in the entire game.
 F = Experience gained in this place divided by the number of levels of this place that you have seen.
                   A       B       C       D       E      F
               +-------+-------+-------+-------+-------+----------------------
         Total | 100.0 | 100.0 |   N/A |   N/A | 100.0 | 168.5
       Dungeon | 100.0 | 100.0 |   N/A |   N/A | 100.0 | 168.5
               +-------+-------+-------+-------+-------+----------------------
